 Dungeon Crawl Stone Soup version 0.20.0-15-g7f486f2 (webtiles) character file.

43398 dricus the Brawler (level 13, -6/137 HPs)
             Began as a Troll Monk on June 12, 2017.
             Was the Champion of Okawaru.
             Mangled by a tyrant leech (22 damage)
             ... on level 6 of the Lair of Beasts.
             The game lasted 00:37:03 (15489 turns).

dricus the Brawler (Troll Monk)                    Turns: 15489, Time: 00:37:04

Health: -6/137     AC: 12    Str: 22    XL:     13   Next: 90%
Magic:  17/17      EV: 14    Int:  8    God:    Okawaru [******]
Gold:   575        SH:  4    Dex: 14    Spells: 12/12 levels left

rFire    . . .     SeeInvis .     - Unarmed
rCold    . . .     Gourm    +   (no shield)
rNeg     + . .     Faith    .   M - +0 robe of Articulation {rN+}
rPois    .         Spirit   .   N - +2 hat {MR+}
rElec    .         Reflect  +   R - scarf {cloud immunity}
rCorr    .         Harm     .   (gloves unavailable)
MR       +....                  (boots unavailable)
Stlth    ++........             y - +4 amulet of reflection
Regen    0.8/turn               G - +5 ring of protection
MPRegen  0.2/turn               p - +4 ring of evasion

@: very slow
A: unfitting armour, claws 3, fast metabolism 3, gourmand, regeneration 1,
shaggy fur 1, tough skin 2
a: Heroism, Finesse, Renounce Religion


You were on level 6 of the Lair of Beasts.
You worshipped Okawaru.
Okawaru was exalted by your worship.
You were completely stuffed.

You visited 3 branches of the dungeon, and saw 17 of its levels.
You also visited: Sewer.

You collected 1219 gold pieces.
You spent 644 gold pieces at shops.

Inventory:

Hand Weapons
 a - a +3 hunting sling
Missiles
 g - 425 stones (quivered)
 D - 173 sling bullets
Armour
 C - a +2 cloak
 M - the +0 robe of Articulation (worn) {rN+}
   (You found it on level 2 of the Lair of Beasts)

   It protects you from negative energy.
 N - a +2 hat of magic resistance (worn)
 R - a scarf of cloud immunity (worn)
Jewellery
 k - an uncursed ring of protection from magic
 p - a +4 ring of evasion (right claw)
 y - a +4 amulet of reflection (around neck)
 G - a +5 ring of protection (left claw)
Wands
 d - a wand of paralysis (11/24)
 f - a wand of paralysis (16/24)
 x - a wand of enslavement (9/24)
 J - a wand of paralysis (10/24)
 L - a wand of lightning (7/15)
 O - a wand of flame (22/48)
 Q - a wand of disintegration (18/24)
Scrolls
 e - 3 scrolls of recharging
 j - a scroll of fear
 l - a scroll of fog
 n - 7 scrolls of teleportation
 o - 4 scrolls of amnesia
 r - 4 scrolls of remove curse
 w - a scroll of magic mapping
 A - a scroll of enchant armour
 F - a scroll of immolation
 H - a scroll of blinking {unknown}
 K - a scroll of acquirement {unknown}
 U - a scroll of brand weapon {unknown}
Potions
 c - 2 potions of ambrosia
 i - 4 potions of flight
 q - 4 potions of might
 s - 2 potions of brilliance
 t - a potion of heal wounds {@q0}
 u - 8 potions of curing {@q9}
 v - 2 potions of haste
 z - 6 potions of lignification
 I - 4 potions of agility
 P - a potion of mutation
 T - a potion of berserk rage {unknown}
Miscellaneous
 B - a sack of spiders
Comestibles
 b - 15 bread rations
 h - 5 meat rations
 m - 14 fruits
 E - 12 royal jellies
 S - 8 chunks of flesh


   Skills:
 * Level 11.2 Fighting
 - Level 2.4 Dodging
 - Level 1.0 Stealth
 + Level 17.6 Unarmed Combat
 - Level 7.6 Invocations
 - Level 2.6 Evocations


You had 12 spell levels left.
You didn't know any spells.

Dungeon Overview and Level Annotations

Branches:
Dungeon (10/15)            Temple (1/1) D:5            Lair (6/6) D:9
  Swamp (0/4) Lair:3       Spider (0/4) Lair:4        Slime (0/5) Lair:5
    Orc: D:9-12

Altars:
Dithmenos
Elyvilon
Hepliaklqana
Kikubaaqudgha
Okawaru
Ru
Sif Muna
Uskayaw
Vehumet

Shops:
D:8 !   D:10 *=?:(

Portals:
Trove: D:10 (give 9 potions of haste)


Innate Abilities, Weirdness & Mutations

You are too large for most types of armour.
You have claws for hands.
Your metabolism is lightning-fast.
You like to eat raw meat.
Your natural rate of healing is unusually fast.
You are covered in fur. (AC +1)
You have very tough skin. (AC +2)


Message History

A bullfrog comes into view.
The bullfrog gives a loud, deep croak!
You closely miss the tyrant leech. You mangle the tyrant leech!!
You claw the tyrant leech.
The tyrant leech is heavily wounded.
The tyrant leech bites you but does no damage.
You feel much better.
You claw the tyrant leech! Your claw misses the tyrant leech.
The tyrant leech is severely wounded.
The tyrant leech bites you!!
* * * LOW HITPOINT WARNING * * *
The tyrant leech draws strength from your injuries!
The bullfrog barely misses you. The bullfrog hits you.
* * * LOW HITPOINT WARNING * * *
The tyrant leech closely misses you. The bullfrog closely misses you.
You block the tyrant leech's attack.
The bullfrog hits you but does no damage.
The tyrant leech bites you!!
You die...

#....##
#....###...##......#....
##....#
###....##...###.....÷....
#...## #.#...##....#
##.[..#.... ##...##
##..........###.....#÷..#
#P....#
##...P.....≈#......#....
##†...#
#.........P....≈####....
#....#
##...P...≈≈≈P≈.....####.
##...##
#.#≈≈.≈≈P≈≈≈≈≈≈≈≈≈#....
#.[..#
#.#≈P≈@≈≈P≈≈≈≈≈≈≈≈#....
#....#
###.≈≈Fw≈≈≈≈≈≈≈≈≈##≈.P.
##.....#
#≈.≈≈≈≈≈≈≈≈≈≈≈≈##.≈≈.≈
.....##
#P≈≈≈≈≈≈≈≈≈≈≈.≈##.≈≈.≈
.....#
#.≈≈≈≈≈≈≈≈≈≈≈≈###≈≈≈≈≈
.....# #.≈≈≈≈≈≈≈≈≈≈≈≈
#.≈≈≈≈. .......
#..≈P≈P≈≈≈≈≈≈P≈ #.≈≈≈≈≈
...... #..≈≈≈≈≈≈≈≈≈.≈.
#≈≈≈≈F≈ #.≈≈≈P≈#≈≈≈.≈≈≈
#≈≈≈≈≈≈


You could see a tyrant leech and a bullfrog.

Vanquished Creatures
  Harold (D:10)
  6 hydras
  A catoblepas (Lair:2)
  A two-headed ogre (D:8)
  A fire crab (Lair:6)
  2 oklob plants (Lair:2)
  A wolf spider (Lair:4)
  Joseph (D:8)
  6 elephants (Lair:2)
  Maurice (D:8)
  2 black mambas
  19 spiny frogs
  2 rime drakes
  7 komodo dragons
  2 guardian mummies (D:10)
  A polar bear (Lair:5)
  A meliai (Lair:5)
  A jumping spider (Lair:4)
  A troll (D:10)
  16 blink frogs
  A hornet (D:10)
  2 slime creatures (Lair:5)
  9 hippogriffs
  Sigmund (D:2)
  A redback (Lair:4)
  3 wyverns
  40 yaks
  2 hungry ghosts
  Grum (D:8)
  A basilisk (Lair:3)
  3 vampire mosquitoes (Lair:6)
  A soldier ant (D:10)
  11 water moccasins
  11 porcupines
  3 orc warriors
  2 ice beasts (D:9)
  A phantom (D:8)
  A black bear (D:10)
  An eye of draining (D:8)
  3 sky beasts
  12 ogres
  3 centaurs
  10 wolves
  12 crocodiles
  3 big kobolds
  25 bullfrogs
  A wyvern zombie (D:10)
  A scorpion (D:9)
  17 killer bees
  6 howler monkeys
  An electric eel (Lair:6)
  9 crimson imps
  A centaur skeleton (D:7)
  A gnoll shaman (D:5)
  2 orc priests
  Crazy Yiuf (D:5)
  A hound (D:8)
  5 jellies
  6 orc wizards
  A bullfrog skeleton (D:8)
  6 iguanas
  Ijyb (D:5)
  9 worker ants
  A killer bee zombie (D:9)
  A hound skeleton (D:4)
  8 gnolls
  2 howler monkey skeletons
  12 adders
  2 river rats
  A shadow imp (D:9)
  An ooze (D:2)
  An adder zombie (D:5)
  An adder skeleton (D:9)
  6 worms
  A dart slug (D:2)
  11 leopard geckos
  21 orcs
  5 ball pythons
  8 giant cockroaches
  2 goblins (D:3)
  5 hobgoblins
  4 jackals (D:3)
  5 quokkas
  7 bats
  9 frilled lizards
  18 kobolds
  17 rats
  A plant (Lair:2)
455 creatures vanquished.

Vanquished Creatures (others)
  A killer bee (Lair:5)
  28 fungi
  62 plants
91 creatures vanquished.

Grand Total: 546 creatures vanquished

Notes
Turn   | Place    | Note
-------+----------+-------------------------------------------
     0 | D:1      | dricus the Troll Monk began the quest for the Orb.
     0 | D:1      | Reached XP level 1. HP: 22/22 MP: 0/0
   735 | D:2      | Reached XP level 2. HP: 29/29 MP: 1/1
   790 | D:2      | Reached skill level 4 in Unarmed Combat
   921 | D:2      | Reached XP level 3. HP: 35/36 MP: 2/2
  1007 | D:2      | Noticed Sigmund
  1028 | D:2      | Killed Sigmund
  1028 | D:2      | Reached skill level 6 in Unarmed Combat
  1028 | D:2      | Reached XP level 4. HP: 7/44 MP: 3/3
  1028 | D:2      | Reached XP level 5. HP: 9/50 MP: 4/4
  1408 | D:3      | Reached XP level 6. HP: 32/59 MP: 5/5
  1633 | D:3      | Found a sacrificial altar of Ru.
  1750 | D:3      | Reached skill level 7 in Unarmed Combat
  1775 | D:3      | Found a glowing drain.
  1783 | Sewer    | Entered a sewer
  2216 | D:3      | Reached skill level 8 in Unarmed Combat
  2254 | D:4      | Reached XP level 7. HP: 66/66 MP: 6/6
  2733 | D:5      | Entered Level 5 of the Dungeon
  2733 | D:5      | Noticed Ijyb
  2735 | D:5      | Found a staircase to the Ecumenical Temple.
  2738 | D:5      | Killed Ijyb
  2738 | D:5      | Reached skill level 9 in Unarmed Combat
  2753 | Temple   | Entered the Ecumenical Temple
  2761 | Temple   | Became a worshipper of Warmaster Okawaru
  2761 | Temple   | Reached * piety under Okawaru
  2761 | Temple   | Reached ** piety under Okawaru
  2853 | D:5      | Found a runed door.
  2980 | D:5      | Found an ancient bone altar of Kikubaaqudgha.
  3172 | D:5      | Reached XP level 8. HP: 74/74 MP: 7/7
  3207 | D:5      | Reached skill level 10 in Unarmed Combat
  3320 | D:5      | Noticed Crazy Yiuf
  3325 | D:5      | Killed Crazy Yiuf
  3781 | D:6      | Reached skill level 11 in Unarmed Combat
  4088 | D:6      | Found a shadowy altar of Dithmenos.
  4285 | D:7      | Reached *** piety under Okawaru
  4343 | D:7      | Reached XP level 9. HP: 50/80 MP: 8/8
  4510 | D:7      | Reached skill level 12 in Unarmed Combat
  5118 | D:8      | Reached **** piety under Okawaru
  5118 | D:8      | Reached skill level 13 in Unarmed Combat
  5211 | D:8      | Found Doih's Distillery.
  5220 | D:8      | Bought a potion of curing for 42 gold pieces
  5220 | D:8      | Bought a potion of agility for 56 gold pieces
  5367 | D:8      | Noticed Grum
  5368 | D:8      | Noticed Maurice
  5396 | D:8      | Killed Grum
  5495 | D:8      | Noticed Joseph
  5518 | D:8      | Killed Joseph
  5531 | D:8      | Paralysed by something for 4 turns
  5537 | D:8      | Killed Maurice
  5537 | D:8      | Reached XP level 10. HP: 40/92 MP: 9/9
  5791 | D:8      | Noticed a two-headed ogre
  5816 | D:8      | Killed a two-headed ogre
  5816 | D:8      | Reached skill level 14 in Unarmed Combat
  6046 | D:9      | Reached ***** piety under Okawaru
  6159 | D:9      | Found a staircase to the Lair.
  6215 | D:9      | Reached skill level 5 in Fighting
  6220 | D:9      | Received a gift from Okawaru
  6368 | D:9      | Received a gift from Okawaru
  6418 | D:9      | Reached skill level 15 in Unarmed Combat
  7087 | D:10     | Entered Level 10 of the Dungeon
  7158 | D:10     | Reached XP level 11. HP: 81/105 MP: 10/10
  7270 | D:10     | Found a portal to a secret trove of treasure.
  7299 | D:10     | Reached skill level 1 in Evocations
  7487 | D:10     | Found Voudim's Jewellery Shop.
  7522 | D:10     | Bought a +4 amulet of reflection for 351 gold pieces
  7652 | D:10     | Found Wyrugasi's General Store.
  7652 | D:10     | Noticed Harold
  7672 | D:10     | Killed Harold
  7710 | D:10     | Bought a potion of haste for 130 gold pieces
  7710 | D:10     | Bought a potion of heal wounds for 65 gold pieces
  7753 | D:10     | Paralysed by a hornet for 1 turns
  7760 | D:10     | Paralysed by a hornet for 3 turns
  8018 | D:10     | Found Luar's Magic Scroll Shop.
  8070 | D:10     | Found Cepninir's Book Shoppe.
  8269 | D:10     | Found Xuhuovor's Antique Weapon Boutique.
  8481 | Lair:1   | Entered Level 1 of the Lair of Beasts
  8763 | Lair:1   | Reached ****** piety under Okawaru
  8766 | Lair:1   | Reached skill level 16 in Unarmed Combat
  8867 | Lair:1   | Reached skill level 1 in Invocations
  8871 | Lair:1   | Received a gift from Okawaru
  9028 | Lair:1   | Found a white marble altar of Elyvilon.
  9816 | Lair:2   | Noticed a catoblepas
 10224 | Lair:2   | Got a tattered robe
 10229 | Lair:2   | Noticed an oklob plant
 10331 | Lair:2   | Reached XP level 12. HP: 115/118 MP: 12/14
 10357 | Lair:2   | Identified the cursed +0 robe of Articulation {rN+} (You found it on level 2 of the Lair of Beasts)
 10549 | Lair:2   | Killed a catoblepas
 10759 | Lair:2   | Reached skill level 5 in Invocations
 10928 | Lair:2   | Received a gift from Okawaru
 11431 | Lair:3   | Noticed an eight-headed hydra
 11797 | Lair:3   | Killed a 14-headed hydra
 12025 | Lair:3   | Found a staircase to the Swamp.
 12569 | Lair:4   | Noticed an eight-headed hydra
 12599 | Lair:4   | Killed a 12-headed hydra
 12665 | Lair:4   | Noticed an eight-headed hydra
 12684 | Lair:4   | Killed a 15-headed hydra
 12841 | Lair:4   | Reached XP level 13. HP: 126/128 MP: 17/17
 13080 | Lair:4   | Reached skill level 17 in Unarmed Combat
 13375 | Lair:4   | Found a hole to the Spider Nest.
 13980 | Lair:5   | Received a gift from Okawaru
 13983 | Lair:5   | Got a fine triple sword {god gift}
 13984 | Lair:5   | Identified the +1 triple sword "Fiawn" {flame, rPois} (Okawaru gifted it to you on level 5 of the Lair of Beasts)
 13990 | Lair:5   | Found a staircase to the Slime Pits.
 14306 | Lair:5   | Reached skill level 10 in Fighting
 14314 | Lair:5   | You fall through a shaft!
 14314 | Lair:6   | Entered Level 6 of the Lair of Beasts
 14868 | Lair:6   | Received a gift from Okawaru
 15489 | Lair:6   | Mangled by a tyrant leech

Skill      XL: |  1  2  3  4  5  6  7  8  9 10 11 12 13 |
---------------+----------------------------------------+-----
Unarmed Combat | 4 6 8 9 11 13 15 16 17 | 17.6
Fighting       | 3 5 7 8 11 | 11.2
Evocations     | 2 |  2.6
Invocations    | 4 7 |  7.6
Dodging        | |  2.4
Stealth        | |  1.0

Action                   |  1- 3 |  4- 6 |  7- 9 | 10-12 | 13-15 || total
-------------------------+-------+-------+-------+-------+-------++-------
Melee: Unarmed           |    64 |   153 |   272 |   575 |   323 ||  1387
       Punch             |     1 |     3 |    16 |    47 |    28 ||    95
 Fire: Hunting sling     |       |       |     7 |       |       ||     7
Invok: Heroism           |       |       |     1 |     9 |     4 ||    14
       Finesse           |       |       |       |     2 |     1 ||     3
  Use: Potion            |     1 |       |     1 |     4 |     3 ||     9
       Scroll            |       |     8 |     6 |    12 |     4 ||    30
 Stab: Sleeping          |       |     6 |     2 |     6 |     1 ||    15
       Distracted        |       |       |     1 |       |       ||     1
  Eat: Chunk             |     9 |    12 |    34 |    71 |    26 ||   152
       Bread ration      |     1 |       |       |       |       ||     1
Armor: Robe              |    22 |    38 |    50 |   187 |    86 ||   383
Dodge: Dodged            |    30 |    72 |    85 |   243 |   155 ||   585
Block: Other             |       |       |       |    52 |    49 ||   101
       Reflection        |       |       |       |     1 |       ||     1
